 Dungeon Crawl Stone Soup version 0.26.0-90-g5fd8617961 (webtiles) character file.

Game seed: 15074054417906346191

43 Gadfly the Cudgeller (level 3, -4/36 HPs)
             Began as an Ogre Gladiator on Feb 3, 2021.
             Shot with an arrow by a centaur (13 damage)
             ... on level 3 of the Dungeon.
             The game lasted 00:02:23 (2002 turns).

Gadfly the Cudgeller (Ogre Gladiator)               Turns: 2002, Time: 00:02:24

Health: -4/36      AC:  4    Str: 19    XL:     3   Next: 58%
Magic:  3/3        EV: 10    Int:  9    God:
Gold:   108        SH:  0    Dex: 10    Spells: 2/2 levels left

rFire    . . .     SeeInvis .   a - +0 flail
rCold    . . .     Faith    .   (no shield)
rNeg     . . .     Spirit   .   b - +0 robe
rPois    .         Reflect  .   c - +1 hat
rElec    .         Harm     .   (no cloak)
rCorr    .         Rampage  .   (gloves unavailable)
Will     .....                  (boots unavailable)
Stlth    +.........             (no amulet)
HPRegen  0.12/turn              (no ring)
MPRegen  0.08/turn              (no ring)

@: no status effects
A: large, unfitting armour, tough skin 1
a: no special abilities


You were on level 3 of the Dungeon.
You visited 1 branch of the dungeon, and saw 3 of its levels.

You collected 108 gold pieces.

Inventory:

Hand Weapons
 a - a +0 flail (weapon)
Missiles
 d - 3 throwing nets
 f - 41 stones (quivered)
Armour
 b - a +0 robe (worn)
 c - a +1 hat (worn)
Jewellery
 i - a +4 ring of evasion {unknown}
Potions
 e - a potion of might {unknown}
 g - a potion of degeneration {unknown}
 h - a potion of mutation {unknown}
 j - a potion of attraction {unknown}


   Skills:
 - Level 2.6 Fighting
 + Level 2.8 Maces & Flails
 + Level 2.2 Throwing
 * Level 1.1 Armour
 - Level 2.6 Dodging
 * Level 1.3 Invocations
 * Level 1.1 Evocations


You had 2 spell levels left.
You didn't know any spells.
Your spell library was empty.

Dungeon Overview and Level Annotations

Branches:
Dungeon (3/15)

Altars:


Innate Abilities, Weirdness & Mutations

You are too large for most types of armour.
You have tough skin. (AC +1)


Message History

You are too injured to fight recklessly!
You are too injured to fight recklessly!
You are too injured to fight recklessly!
You are too injured to fight recklessly!
You are too injured to fight recklessly!
You are too injured to fight recklessly!
You are too injured to fight recklessly!
You are too injured to fight recklessly!
You are too injured to fight recklessly!
You are too injured to fight recklessly!
You are too injured to fight recklessly!
You are too injured to fight recklessly!
You are too injured to fight recklessly!
You are too injured to fight recklessly!
You are too injured to fight recklessly!
You are too injured to fight recklessly!
You are too injured to fight recklessly!
The centaur shoots an arrow.
The arrow closely misses you.
The centaur shoots an arrow.
The arrow hits you!
You die...

###########
#########..........
#.......(@.<.....#
#.#######.######.#
#.... ........
###....c## #.....#
#...... #.....##


You could see a centaur.

Vanquished Creatures
  An adder (D:2)
  2 worms (D:2)
  A dart slug (D:2)
  A leopard gecko (D:2)
  A bat (D:2)
  2 giant cockroaches (D:1)
  2 goblins
  3 hobgoblins
  4 jackals (D:1)
  2 frilled lizards
  3 kobolds
  3 rats
25 creatures vanquished.

Notes
Turn   | Place    | Note
-------+----------+-------------------------------------------
     0 | D:1      | Gadfly the Ogre Gladiator began the quest for the Orb.
     0 | D:1      | Reached XP level 1. HP: 22/22 MP: 1/1
   255 | D:1      | Reached XP level 2. HP: 29/29 MP: 2/2
   866 | D:2      | Reached skill level 1 in Invocations
  1081 | D:2      | Reached skill level 1 in Armour
  1081 | D:2      | Reached XP level 3. HP: 24/36 MP: 3/3
  1386 | D:2      | Reached skill level 1 in Evocations
  1997 | D:3      | Noticed a centaur
  2002 | D:3      | Shot with an arrow by a centaur

Illustrated notes

Levels and vault maps discovered:
D:1:      nzn_arrival_crosshair, layout_basic
D:2:      layout_loops_ring, minmay_tromino_i2
D:3:      layout_loops_ring, minivault_14

Skill      XL: |  1  2  3 |
---------------+----------+-----
Invocations    | 1 |  1.3
Armour         | 1 |  1.1
Evocations     | 1 |  1.1
Fighting       | |  2.6
Maces & Flails | |  2.8
Throwing       | |  2.2
Dodging        | |  2.6

Action                   || total
-------------------------++-------
Melee: Flail             ||    92
Throw: Stone             ||     2
  Use: Scroll            ||     5
       Potion            ||     1
Armor: Robe              ||    47
Dodge: Dodged            ||    55
